 Dungeon Crawl Stone Soup version 0.20.1-1-g8b1a95d (webtiles) character file.

78 Blackhawk the Shield-Bearer (level 4, -6/42 HPs)
             Began as a Deep Dwarf Fighter on Nov 2, 2017.
             Mangled by an iguana (9 damage)
             ... on level 4 of the Dungeon.
             The game lasted 00:09:08 (1561 turns).

Blackhawk the Shield-Bearer (Deep Dwarf Fighter)    Turns: 1561, Time: 00:09:09

Health: -6/42      AC:  7    Str: 20    XL:     4   Next: 15%
Magic:  4/4        EV:  7    Int:  9    God:
Gold:   98         SH:  9    Dex: 12    Spells: 3/3 levels left

rFire    . . .     SeeInvis .   a - +1 war axe
rCold    . . .     Gourm    .   c - +0 shield
rNeg     . . .     Faith    .   b - +0 scale mail
rPois    .         Spirit   .   (no helmet)
rElec    .         Reflect  .   (no cloak)
rCorr    .         Harm     .   (no gloves)
MR       .....                  (no boots)
Stlth    ..........             (no amulet)
Regen    0.0/turn               (no ring)
MPRegen  0.1/turn               (no ring)

@: non-regenerating
A: damage resistance, heal wounds, sense surroundings 1, no regeneration
a: Heal Wounds


You were on level 4 of the Dungeon.
You were not hungry.

You visited 1 branch of the dungeon, and saw 4 of its levels.

You collected 98 gold pieces.

Inventory:

Hand Weapons
 a - a +1 war axe (weapon)
Missiles
 j - 35 stones (quivered)
Armour
 b - a +0 scale mail (worn)
 c - a +0 shield (worn)
Jewellery
 g - a cursed ring of teleportation
Scrolls
 i - 2 scrolls of identify
Potions
 d - a potion of might
Comestibles
 f - 2 bread rations
 l - a chunk of flesh


   Skills:
 + Level 3.0 Fighting
 + Level 3.5 Axes
 + Level 0.3 Throwing
 + Level 3.8 Armour
 - Level 0.2 Dodging
 + Level 3.8 Shields


You had 3 spell levels left.
You didn't know any spells.

Dungeon Overview and Level Annotations

Branches:
Dungeon (4/15)
 Temple: D:4-7

Altars:
Kikubaaqudgha


Innate Abilities, Weirdness & Mutations

You are resistant to damage.
You can heal yourself by infusing magical energy.
You passively map a small area around you.
You do not regenerate.


Message History

You start waiting.
You hear the slow hiss of an avalanche of sand nearby.
As you read the scroll labeled TUOSHI XATHRUMP, it crumbles to dust.
The air around you briefly surges with heat, but it dissipates.
It was a scroll of immolation.
Unknown command.
As you read the scroll labeled DEAGAT CASIN, it crumbles to dust.
It is a scroll of identify.
g - a cursed ring of teleportation
As you read the scroll labeled NIKLIB AXEERAI, it crumbles to dust.
It is a scroll of enchant weapon.
Your +0 war axe glows red for a moment.
An iguana and a quokka come into view.
The iguana hisses angrily.
The quokka moves out of view.
You see here a yellow potion.
You are too injured to fight recklessly!
You completely miss the iguana. You block the iguana's attack.
The iguana bites you!
You die...

, , , ..*
#.* , , ..
#. * , #.
#.* ,,
#..#. #.#.
,
#...######
, * *
#...lr..# *
#..@###, *
#....<#
##.####***,
#> , * ## *
* * * * ,*
*


You could see an iguana and a quokka.

Vanquished Creatures
  Natasha (D:2)
  4 worms
  4 dart slugs (D:3)
  8 bats
  7 goblins
  4 hobgoblins
  4 frilled lizards (D:1)
  2 kobolds
  5 rats (D:1)
39 creatures vanquished.

Vanquished Creatures (others)
  5 gnolls (D:2)
  A kobold (D:2)
6 creatures vanquished.

Grand Total: 45 creatures vanquished

Notes
Turn   | Place    | Note
-------+----------+-------------------------------------------
     0 | D:1      | Blackhawk the Deep Dwarf Fighter began the quest for the Orb.
     0 | D:1      | Reached XP level 1. HP: 20/20 MP: 1/1
   199 | D:1      | Reached XP level 2. HP: 27/27 MP: 2/2
  1105 | D:2      | Reached XP level 3. HP: 24/33 MP: 3/3
  1344 | D:2      | Found an ancient bone altar of Kikubaaqudgha.
  1346 | D:2      | Noticed Natasha
  1359 | D:2      | Killed Natasha
  1421 | D:3      | Reached XP level 4. HP: 3/42 MP: 4/4
  1561 | D:4      | Mangled by an iguana

Skill      XL: |  1  2  3 |
---------------+----------+-----
Fighting       | 3 |  3.0
Axes           | 3 |  3.5
Throwing       | |  0.3
Armour         | |  3.8
Dodging        | |  0.2
Shields        | |  3.8

Action                   |  1- 3 |  4- 6 || total
-------------------------+-------+-------++-------
Melee: War axe           |   113 |     8 ||   121
Throw: Stone             |    14 |       ||    14
  Use: Potion            |     2 |       ||     2
       Scroll            |       |     3 ||     3
  Eat: Chunk             |     1 |     1 ||     2
Armor: Scale mail        |    54 |     3 ||    57
Dodge: Dodged            |    34 |       ||    34
Block: Shield            |    76 |     5 ||    81
